 Dungeon Crawl Stone Soup version 0.25-a0-458-g6fc7858 (webtiles) character file.

Game seed: 7596826395951626111, levelgen mode: deterministic

37716 Coldstonesans the Warrior (level 13, -6/127 HPs)
             Began as a Minotaur Gladiator on Feb 3, 2020.
             Was a Believer of Uskayaw.
             Shot with an arrow by Nessos (19 damage)
             ... on level 6 of the Lair of Beasts.
             The game lasted 00:27:41 (14034 turns).

Coldstonesans the Warrior (Minotaur Gladiator)     Turns: 14034, Time: 00:27:42

Health: -6/127     AC: 18    Str: 26    XL:     13   Next: 59%
Magic:  16/16      EV: 14    Int:  5    God:    Uskayaw [**....]
Gold:   1010       SH:  0    Dex: 13    Spells: 12/12 levels left

rFire    . . .     SeeInvis .   s - +9 war axe (elec)
rCold    . . .     Gourm    .   (no shield)
rNeg     . . .     Faith    .   t - +0 plate armour
rPois    +         Spirit   .   M - +2 hat
rElec    +         Reflect  .   I - +0 cloak
rCorr    .         Harm     .   (no gloves)
MR       .....                  (no boots)
Stlth    ..........             y - amulet of regeneration
HPRegen  0.71/turn              e - ring of poison resistance
MPRegen  0.15/turn              x - +3 ring of strength

@: studying Dodging
A: retaliatory headbutt, horns 2, electricity resistance, no potion heal 1
a: Stomp, Line Pass, Renounce Religion


You were on level 6 of the Lair of Beasts.
You worshipped Uskayaw.
Uskayaw was noncommittal.
You were not hungry.

You visited 3 branches of the dungeon, and saw 18 of its levels.
You also visited: Ossuary.

You collected 1197 gold pieces.
You spent 187 gold pieces at shops.

Inventory:

Hand Weapons
 s - a +9 war axe of electrocution (weapon)
 K - a +4 glaive of flaming
 P - a +2 halberd of venom
Missiles
 G - 22 boomerangs (quivered)
Armour
 c - a +1 hat
 t - a +0 plate armour (worn)
 E - a +0 chain mail
 I - a +0 cloak (worn)
 M - a +2 hat (worn)
 S - the +4 robe of Augmentation {Str+4 Int+4 Dex+4}
   (You found it on level 5 of the Lair of Beasts)

   It affects your strength (+4).
   It affects your intelligence (+4).
   It affects your dexterity (+4).
   If you switch to wearing this armour, your AC will fall 8 points (18 -> 10)
Jewellery
 e - a ring of poison resistance (left hand)
 g - an uncursed ring of resist corrosion
 n - an uncursed amulet of faith
 p - a +2 ring of protection
 x - a +3 ring of strength (right hand)
 y - an amulet of regeneration (around neck)
 C - the ring "Busasyc" {Wiz -Tele *Corrode rF+++ Dex+4}
   (You found it on level 3 of the Lair of Beasts)

   [ring of wizardry]

   It improves your spell success rate.
   It affects your dexterity (+4).
   It renders you almost immune to fire.
   It prevents most forms of teleportation.
   It may corrode you when you take damage.
 O - a +2 ring of intelligence
Wands
 d - a wand of flame (29)
 l - a wand of iceblast (9)
 u - a wand of clouds (2)
 D - a wand of polymorph (32)
 H - a wand of random effects (20)
 N - a wand of acid (19)
Scrolls
 i - 5 scrolls of amnesia
 k - 4 scrolls of magic mapping
 m - 4 scrolls of teleportation
 q - 8 scrolls of identify
 w - a scroll of immolation
 F - 5 scrolls of remove curse
 R - a scroll of holy word
Potions
 a - 2 potions of might
 b - 2 potions of ambrosia
 h - 4 potions of brilliance
 j - 3 potions of curing
 o - 3 potions of flight
 r - 3 potions of mutation
 v - a potion of heal wounds
 A - 3 potions of lignification
 B - 3 potions of agility
 J - 2 potions of haste
Books
 z - a manual of Dodging
Comestibles
 f - 35 rations
 L - 5 chunks of flesh


   Skills:
 + Level 15.4 Fighting
 + Level 12.6 Axes
 + Level 10.6 Throwing
 - Level 10.3 Armour
 * Level 12.7 Dodging
 + Level 5.5 Invocations


You had 12 spell levels left.
You didn't know any spells.
Your spell library contained the following spells:

 Spells                   Type           Power        Failure   Level  Hunger
 Magic Dart               Conj           #...         99%         1    ##.....
 Shock                    Conj/Air       #...         99%         1    ##.....
 Sting                    Tmut/Pois      #...         99%         1    ##.....
 Blink                    Tloc           N/A          100%        2    ###....
 Call Imp                 Summ           #.......     100%        2    ###....
 Poisonous Vapours        Pois/Air       #.....       100%        2    ###....
 Slow                     Hex            #.......     100%        2    ###....
 Swiftness                Chrm/Air       #.......     100%        2    ###....
 Conjure Flame            Conj/Fire      #.......     100%        3    ####...
 Ignite Poison            Fire/Tmut/Pois #.......     100%        3    ####...
 Mephitic Cloud           Conj/Pois/Air  #.......     100%        3    ####...
 Ozocubu's Armour         Chrm/Ice       #.......     100%        3    ####...
 Spectral Weapon          Hex/Chrm       #.......     100%        3    ####...
 Static Discharge         Conj/Air       #.......     100%        3    ####...
 Airstrike                Air            #.........   100%        4    #####..
 Olgreb's Toxic Radiance  Pois           #.......     100%        4    #####..
 Lightning Bolt           Conj/Air       #.........   100%        5    ######.
 Silence                  Hex/Air        #.........   100%        5    ######.
 Tornado                  Air            #.........   100%        9    #######


Dungeon Overview and Level Annotations

Branches:
Dungeon (11/15)            Temple (1/1) D:5            Lair (6/6) D:11
 Shoals (0/4) Lair:2       Spider (0/4) Lair:4        Slime (0/5) Lair:6
    Orc (0/2) D:9         Ossuary (visited)

Altars:
Ashenzari
Cheibriados
Dithmenos
Elyvilon
Fedhas
Gozag
Hepliaklqana
Kikubaaqudgha
Makhleb
Nemelex Xobeh
Okawaru
Qazlal
Ru
Sif Muna
Trog
Uskayaw
Vehumet
Wu Jian
Xom
Yredelemnul
Zin
The Shining One
Jiyva

Shops:
D:9 !

Annotations:
Lair:6 1 runed translucent door, Nessos


Innate Abilities, Weirdness & Mutations

You reflexively headbutt those who attack you in melee.
You have a pair of horns on your head.
You are resistant to electric shocks. (rElec)
Potions are less effective at restoring your health.


Message History

* * * LOW HITPOINT WARNING * * *
The arrow burns you.
You are more poisoned.
* * * LOW HITPOINT WARNING * * *
Your system partially rejects the healing.
You feel better.
Nessos shoots an arrow.
The arrow hits you!
* * * LOW HITPOINT WARNING * * *
The arrow burns you.
You are poisoned.
* * * LOW HITPOINT WARNING * * *
Nessos shoots an arrow.
The arrow hits you!
* * * LOW HITPOINT WARNING * * *
The arrow burns you.
You are lethally poisoned!
* * * LOW HITPOINT WARNING * * *
Okay, then.
Okay, then.
Your system partially rejects the healing.
You feel better.
Nessos shoots an arrow.
The arrow hits you!!
You die...

≈..........
....#≈≈≈...........
....≈≈≈≈..........
....≈≈≈≈......<...
...#≈≈≈≈..........
#..#≈≈≈≈..........
####...≈≈≈...........
#.##...≈≈≈...........
##((@.(≈≈≈...........
##....≈≈≈...........
##...≈≈≈..#.....#..
#..##≈c..P.#....#.
###..P###†.........#
#.#..PP#.#.##.).....
##...P.##..P.......#
#...#####.P.....###
##..####........###


You could see Nessos.

Vanquished Creatures
  7 hydras
  Harold (D:7)
  3 two-headed ogres
  2 swamp dragons (Lair:5)
  4 lindwurms (Lair:5)
  An oklob plant (Lair:6)
  2 manticores
  An ugly thing (D:11)
  4 black mambas
  A torpor snail (Lair:3)
  5 orange demons (D:10)
  2 spiny frogs (Lair:5)
  6 komodo dragons
  A rime drake (Lair:4)
  2 red devils (D:10)
  A troll (D:10)
  4 blink frogs
  7 dream sheep
  9 hippogriffs
  Sigmund (D:3)
  A redback (Lair:4)
  40 yaks
  4 wyverns
  2 steam dragons
  2 basilisks
  2 hungry ghosts
  Menkaure (D:6)
  3 swamp worms (Lair:5)
  A warg (D:9)
  13 water moccasins
  4 porcupines
  3 sky beasts
  3 phantoms
  3 orc warriors
  An ice beast (D:11)
  A necrophage (D:8)
  8 ogres
  5 wolves (Lair:3)
  3 centaurs
  3 big kobolds (D:8)
  8 crocodiles
  Blork the orc (D:5)
  15 bullfrogs
  6 scorpions
  A wyvern skeleton (D:9)
  3 killer bees (D:10)
  A howler monkey (D:10)
  2 electric eels
  2 crimson imps
  A human zombie (Ossuary)
  4 centaur skeletons
  11 orc wizards
  A gnoll shaman (D:7)
  7 orc priests
  6 hounds
  4 bullfrog skeletons
  5 iguanas
  15 worker ants
  5 mummies (Ossuary)
  A hound zombie (D:5)
  4 hound skeletons
  Robin (D:3)
  8 gnolls
  2 worker ant zombies
  A howler monkey skeleton (D:6)
  14 adders
  3 shadow imps
  A worm zombie (D:4)
  A worm (D:4)
  3 dart slugs
  5 leopard geckos
  39 orcs
  7 bats
  4 giant cockroaches
  18 goblins
  8 hobgoblins
  9 jackals
  2 quokkas
  3 frilled lizards
  2 goblin zombies (Ossuary)
  3 hobgoblin zombies (Ossuary)
  5 kobolds
  2 kobold zombies (Ossuary)
  3 quokka skeletons
  A quokka zombie (D:6)
  4 rats
  A fungus (Lair:2)
  2 plants (D:11)
422 creatures vanquished.

Vanquished Creatures (others)
  8 fungi
  6 plants
14 creatures vanquished.

Grand Total: 436 creatures vanquished

Notes
Turn   | Place    | Note
-------+----------+-------------------------------------------
     0 | D:1      | Coldstonesans the Minotaur Gladiator began the quest for
                  | the Orb.
     0 | D:1      | Reached XP level 1. HP: 18/18 MP: 0/0
    80 | D:1      | You fall into a shaft and drop 1 floor!
    89 | D:2      | Reached XP level 2. HP: 25/25 MP: 1/1
   138 | D:2      | Reached skill level 3 in Fighting
   317 | D:2      | Reached skill level 1 in Armour
   464 | D:2      | Reached XP level 3. HP: 31/31 MP: 2/2
   762 | D:3      | Reached XP level 4. HP: 27/40 MP: 3/3
   770 | D:3      | Reached skill level 4 in Fighting
  1065 | D:3      | Reached XP level 5. HP: 33/47 MP: 4/4
  1302 | D:3      | Reached skill level 5 in Fighting
  1382 | D:3      | Found a bloodstained altar of Trog.
  1384 | D:3      | Noticed Sigmund
  1395 | D:3      | Killed Sigmund
  1395 | D:3      | Reached skill level 5 in Axes
  1395 | D:3      | Reached XP level 6. HP: 40/57 MP: 5/5
  1620 | D:3      | Noticed Robin
  1637 | D:3      | Killed Robin
  1825 | D:4      | Found a sand-covered staircase.
  1830 | D:4      | Reached skill level 6 in Fighting
  1839 | D:4      | Reached XP level 7. HP: 45/63 MP: 6/6
  1844 | Ossuary  | Entered an ossuary
  2157 | D:4      | Reached skill level 7 in Fighting
  2201 | D:4      | Found a shimmering altar of Xom.
  2373 | D:4      | Reached XP level 8. HP: 59/73 MP: 7/7
  2658 | D:5      | Entered Level 5 of the Dungeon
  2658 | D:5      | Noticed Blork the orc
  2665 | D:5      | Killed Blork the orc
  2665 | D:5      | Reached skill level 5 in Armour
  2761 | D:5      | Found a staircase to the Ecumenical Temple.
  2770 | Temple   | Entered the Ecumenical Temple
  2828 | Temple   | Became a worshipper of Uskayaw the Reveler
  2890 | D:5      | Reached * piety under Uskayaw
  2893 | D:5      | Reached ** piety under Uskayaw
  2895 | D:5      | Reached *** piety under Uskayaw
  2896 | D:5      | Reached skill level 8 in Fighting
  2900 | D:5      | Reached **** piety under Uskayaw
  2903 | D:5      | Reached skill level 5 in Throwing
  4026 | D:6      | Noticed Menkaure
  4032 | D:6      | Gained mutation: You possess an exceptional clarity of
                  | mind. [potion of mutation]
  4032 | D:6      | Lost mutation: You possess an exceptional clarity of mind.
                  | [potion of mutation]
  4032 | D:6      | Gained mutation: Potions are less effective at restoring
                  | your health. [potion of mutation]
  4032 | D:6      | Gained mutation: You are resistant to electric shocks.
                  | (rElec) [potion of mutation]
  4034 | D:6      | Killed Menkaure
  4034 | D:6      | Reached skill level 9 in Fighting
  4478 | D:6      | Reached XP level 9. HP: 55/83 MP: 8/8
  5024 | D:6      | Found a basalt altar of Yredelemnul.
  5033 | D:6      | Found a stormy altar of Qazlal.
  5036 | D:6      | Found an iron altar of Okawaru.
  5055 | D:6      | Found a snail-covered altar of Cheibriados.
  5058 | D:6      | Found a radiant altar of Vehumet.
  5163 | D:7      | Reached skill level 10 in Fighting
  5297 | D:7      | Found a glowing silver altar of Zin.
  5843 | D:7      | Noticed Harold
  5853 | D:7      | Killed Harold
  5853 | D:7      | Reached skill level 11 in Fighting
  6399 | D:8      | Reached XP level 10. HP: 84/95 MP: 9/9
  6696 | D:8      | Found an opulent altar of Gozag.
  6938 | D:8      | Reached ***** piety under Uskayaw
  7097 | D:8      | Noticed a two-headed hydra
  7104 | D:8      | Killed a three-headed hydra
  7104 | D:8      | Reached skill level 12 in Fighting
  7549 | D:9      | Reached ****** piety under Uskayaw
  7616 | D:9      | Found a staircase to the Orcish Mines.
  8102 | D:9      | Found Moowoe's Distillery.
  8107 | D:9      | Bought 2 potions of curing for 66 gold pieces
  8107 | D:9      | Bought a potion of ambrosia for 88 gold pieces
  8107 | D:9      | Bought a potion of curing for 33 gold pieces
  8262 | D:10     | Entered Level 10 of the Dungeon
  8305 | D:10     | Noticed a two-headed ogre
  8307 | D:10     | Reached XP level 11. HP: 75/105 MP: 10/10
  8317 | D:10     | Killed a two-headed ogre
  8321 | D:10     | Reached skill level 10 in Axes
  8336 | D:10     | Reached skill level 13 in Fighting
  9373 | D:10     | Reached skill level 10 in Armour
  9498 | D:11     | Noticed a white ugly thing
  9506 | D:11     | Killed a white ugly thing
  9506 | D:11     | Reached skill level 14 in Fighting
  9598 | D:11     | Noticed a two-headed ogre
  9601 | D:11     | Killed a two-headed ogre
  9601 | D:11     | Reached skill level 1 in Invocations
  9601 | D:11     | Reached XP level 12. HP: 82/117 MP: 11/11
  9631 | D:11     | Noticed a two-headed ogre
  9636 | D:11     | Killed a two-headed ogre
  9636 | D:11     | Reached skill level 5 in Dodging
  9779 | D:11     | Found a staircase to the Lair.
  9784 | D:11     | Identified the Papyrus of Talismans and Feathers
  9788 | Lair:1   | Entered Level 1 of the Lair of Beasts
 10538 | Lair:2   | Found a staircase to the Shoals.
 10905 | Lair:2   | Found a blossoming altar of Fedhas.
 11332 | Lair:3   | Noticed a four-headed hydra
 11342 | Lair:3   | Killed a four-headed hydra
 11474 | Lair:3   | Got a heavily runed pewter ring
 11955 | Lair:4   | Reached skill level 10 in Throwing
 11959 | Lair:4   | Reached skill level 10 in Dodging
 12147 | Lair:4   | Noticed a six-headed hydra
 12155 | Lair:4   | Killed a six-headed hydra
 12155 | Lair:4   | Reached XP level 13. HP: 125/125 MP: 15/15
 12173 | Lair:4   | Found a hole to the Spider Nest.
 12218 | Lair:4   | Reached skill level 15 in Fighting
 12839 | Lair:5   | Identified the ring "Busasyc" {Wiz -Tele *Corrode rF+++
                  | Dex+4} (You found it on level 3 of the Lair of Beasts)
 12996 | Lair:5   | Found the +4 robe of Augmentation {Str+4 Int+4 Dex+4}
 13179 | Lair:5   | Reached skill level 5 in Invocations
 13741 | Lair:6   | Entered Level 6 of the Lair of Beasts
 13742 | Lair:6   | Found a runed translucent door.
 13744 | Lair:6   | Found a viscous altar of Jiyva.
 13760 | Lair:6   | Found a staircase to the Slime Pits.
 13768 | Lair:6   | Noticed Nessos
 14033 | Lair:6   | HP: 5/127 [Nessos/arrow (12)]
 14034 | Lair:6   | Shot with an arrow by Nessos

Levels and vault maps discovered:
D:1:      ncdulo_lavacross, layout_loops_corners
D:2:      layout_rooms, minivault_14
D:3:      layout_loops_ring, bloody_trog, cheibrodos_gnoll_hut, uniq_robin,
          uniq_sigmund
D:4:      layout_loops_ring, tgw_xom, enter_ossuary_3, first_ration
D:5:      layout_loops_corners, minmay_temple_entry_junction,
          ebering_dispersal_statue_hall, uniq_blork_the_orc
D:6:      layout_cave_pools, minmay_overflow_temple_star_hex, uniq_menkaure
D:7:      layout_layer_cave, basic_altar, minmay_misc_feat_square, uniq_harold
D:8:      layout_gridville, grunt_gozag_statues, hangedman_ranch
          [blue_anna_fruit_fields]
D:9:      layout_loops_ring, erik_orc_3, serial_shops, kennysheep_little_box
D:10:     layout_loops_ring, minmay_beelzebubs_servants
D:11:     layout_roguey, grunt_lair_entry_orc_guard_hut, serial_shops, shop,
          enter_bailey_2, interstate_on_off
Temple:   nicolae_temple_great_sept
Lair:1:   layout_roguey, lemuel_fruit_fields
Lair:2:   layout_hall_layers, minmay_shoals_entry_beasts, lemuel_altar_in_water2
Lair:3:   layout_chaotic_city, serial_bayou_shore_a, lemuel_fruit_tree
Lair:4:   layout_hall_layers, spider_nest_entry_rubble, grunt_megastairs_1,
          lemuel_fruit_fields
Lair:5:   onia_ninara_swampy_vault, layout_regular_city, minmay_lindwurm_lava
Lair:6:   evilmike_catoblepas_cave, layout_gridlike, slime_altar_2,
          ebering_ghost_rock_garden, uniq_nessos

Skill      XL: |  1  2  3  4  5  6  7  8  9 10 11 12 13 |
---------------+----------------------------------------+-----
Fighting       | 3 4 5 6 7 9 11 12 14 15 | 15.4
Armour         | 1 2 3 4 6 7 9 10 | 10.3
Axes           | 4 5 6 7 8 9 11 12 | 12.6
Throwing       | 3 4 5 6 7 9 10 | 10.6
Dodging        | 4 10 12 | 12.7
Invocations    | 1 4 5 |  5.5

Action                   |  1- 3 |  4- 6 |  7- 9 | 10-12 | 13-15 || total
-------------------------+-------+-------+-------+-------+-------++-------
Melee: War axe           |    45 |    88 |   220 |   369 |    60 ||   782
       Headbutt          |     5 |    15 |    42 |    72 |    12 ||   146
       Glaive            |       |       |       |     2 |       ||     2
Throw: Throwing net      |       |     1 |     5 |     2 |       ||     8
       Boomerang         |       |       |     5 |    74 |    86 ||   165
Evoke: Wand              |       |       |       |     1 |     2 ||     3
  Use: Scroll            |       |     5 |     3 |    20 |     5 ||    33
       Potion            |       |       |     6 |     9 |     2 ||    17
 Stab: Distracted        |       |       |     1 |       |       ||     1
       Paralysed         |       |       |     8 |    36 |     6 ||    50
       Held in net/web   |       |       |     1 |       |       ||     1
       Sleeping          |       |       |     1 |       |       ||     1
  Eat: Chunk             |       |     3 |    13 |    15 |     4 ||    35
       Ration            |       |       |       |     2 |     1 ||     3
Armor: Leather armour    |    13 |    14 |     7 |       |       ||    34
       Chain mail        |       |       |    88 |    72 |       ||   160
       Skin              |       |       |    10 |       |       ||    10
       Plate armour      |       |       |       |   110 |    33 ||   143
       Robe              |       |       |       |       |     3 ||     3
Dodge: Dodged            |    33 |    62 |    94 |   186 |    61 ||   436

Table legend:
 A = Non-vault XP
 B = Vault XP
 C = Vault XP percentage of total XP
 D = Non-vault monster count
 E = Vault monster count
 F = Vault count percentage of total count
                 A         B        C        D         E       F
            +---------+---------+-------+---------+---------+-------
      Total |   37153 |   16727 |  31.0 |     328 |      91 |  21.7
            +---------+---------+-------+---------+---------+-------
        D:1 |       9 |       0 |   0.0 |       4 |       0 |   0.0
        D:2 |      34 |       0 |   0.0 |      14 |       0 |   0.0
        D:3 |     303 |     351 |  53.7 |      46 |      16 |  25.8
        D:4 |     734 |      52 |   6.6 |      23 |       6 |  20.7
        D:5 |     610 |      91 |  13.0 |      17 |       1 |   5.6
        D:6 |     789 |     172 |  17.9 |      18 |       1 |   5.3
        D:7 |    1231 |     976 |  44.2 |      18 |       1 |   5.3
        D:8 |    1092 |    2235 |  67.2 |      25 |       8 |  24.2
        D:9 |    1356 |     600 |  30.7 |      26 |      16 |  38.1
       D:10 |    4839 |    2649 |  35.4 |      31 |       7 |  18.4
       D:11 |    4710 |     709 |  13.1 |      16 |       5 |  23.8
     Lair:1 |     334 |       0 |   0.0 |       2 |       0 |   0.0
     Lair:2 |    3558 |     784 |  18.1 |      16 |       2 |  11.1
     Lair:3 |    4087 |       0 |   0.0 |      21 |       0 |   0.0
     Lair:4 |    6070 |     470 |   7.2 |      25 |       2 |   7.4
     Lair:5 |    3175 |    7496 |  70.2 |      14 |      13 |  48.1
     Lair:6 |    4222 |       0 |   0.0 |      12 |       0 |   0.0
    Ossuary |       0 |     142 | 100.0 |       0 |      13 | 100.0
            +---------+---------+-------+---------+---------+-------
